 Dungeon Crawl Stone Soup version 0.21-a0-265-gb353147 (webtiles) character file.

961 tilp the Firebug (level 8, -13/57 HPs)
             Began as a Hill Orc Fire Elementalist on Sept 10, 2017.
             Mangled by an ogre
             ... wielding a +0 giant club
              (27 damage)
             ... on level 5 of the Dungeon.
             The game lasted 00:28:04 (6601 turns).

tilp the Firebug (Hill Orc Fire Elementalist)       Turns: 6601, Time: 00:28:05

Health: -13/57     AC:  7    Str: 11    XL:     8   Next: 15%
Magic:  11/14      EV: 11    Int: 17    God:
Gold:   193        SH:  0    Dex: 11    Spells: 0/15 levels left

rFire    . . .     SeeInvis .   a - +0 hand axe
rCold    . . .     Gourm    .   (no shield)
rNeg     . . .     Faith    .   m - +0 leather armour (curse)
rPois    .         Spirit   .   g - +1 helmet
rElec    .         Reflect  .   v - +1 cloak
rCorr    .         Harm     .   (no gloves)
MR       .....                  (no boots)
Stlth    +.........             (no amulet)
HPRegen  0.19/turn              t - ring of flight
MPRegen  0.14/turn              (no ring)

@: no status effects
A: no striking features
a: Evoke Flight


You were on level 5 of the Dungeon.
You were hungry.

You visited 1 branch of the dungeon, and saw 6 of its levels.
You also visited: Sewer.

You collected 193 gold pieces.

Inventory:

Hand Weapons
 a - a +0 hand axe (weapon)
Missiles
 e - 137 stones (quivered)
 u - 19 sling bullets
Armour
 g - a +1 helmet (worn)
 h - a +1 robe
 m - a cursed +0 leather armour (worn)
 s - the cursed +0 plate armour "Lumygein" {SInv, unknown}
   (You found it on level 6 of the Dungeon)

   It lets you see invisible.
   It has a curse placed upon it.
 v - a +1 cloak (worn)
Jewellery
 t - a ring of flight (left hand)
Wands
 j - a wand of disintegration (10/24)
 w - a wand of paralysis (9/24)
Scrolls
 k - 2 scrolls of immolation
 p - 2 scrolls of remove curse
Potions
 d - a potion of degeneration {unknown}
 f - a potion of curing
 n - 3 potions of heal wounds
 q - 2 potions of flight
 r - 2 potions of might {unknown}
Books
 b - a book of Flames

   Spells                             Type                      Level
   a - Flame Tongue                   Conjuration/Fire             1
   b - Throw Flame                    Conjuration/Fire             2
   c - Conjure Flame                  Conjuration/Fire             3
   d - Inner Flame                    Hexes/Fire                   3
   e - Sticky Flame                   Conjuration/Fire             4
   f - Fireball                       Conjuration/Fire             5
 l - a book of Spatial Translocations

   Spells                             Type                      Level
   a - Blink                          Translocation                2
   b - Shroud of Golubria             Charms/Translocation         2
   c - Lesser Beckoning               Translocation                3
   d - Gell's Gravitas                Translocation                3
   e - Teleport Other                 Translocation                3
   f - Passage of Golubria            Translocation                4
Comestibles
 c - 2 bread rations
 i - 4 fruits
 o - 2 meat rations


   Skills:
 - Level 1.5 Dodging
 - Level 1.5 Stealth
 + Level 4.2 Spellcasting
 + Level 5.6 Conjurations
 + Level 6.2 Fire Magic


You couldn't memorise any spells.
You knew the following spells:

 Your Spells              Type           Power        Failure   Level  Hunger
a - Flame Tongue          Conj/Fire      ###..        1%          1    None
b - Throw Flame           Conj/Fire      ###...       2%          2    ##.....
c - Conjure Flame         Conj/Fire      ###.....     5%          3    ###....
d - Sticky Flame          Conj/Fire      ###.....     17%         4    ####...
e - Fireball              Conj/Fire      ###.......   43%         5    ######.


Dungeon Overview and Level Annotations

Branches:
Dungeon (6/15)
 Temple: D:4-7

Altars:
Fedhas
Wu Jian
Xom

Annotations:
D:2 1 runed door
D:5 Edmund, Grinder


Message History

Aim: an ogre, wielding a giant club The flame tongue hits the ogre.
The ogre is moderately wounded.
The ogre hits you with a giant club!
Casting: Flame Tongue
Confirm with . or Enter, or press ? or * to list all spells.
Aiming: Flame Tongue
Press: ? - help, Shift-Dir - straight line, f/p - ogre
Aim: an ogre, wielding a giant club (moderately wounded)
The flame tongue hits the ogre.
The ogre is heavily wounded.
The ogre hits you with a giant club!!
* * * LOW HITPOINT WARNING * * *
Aiming: Disintegrate (will waste charges)
Press: ? - help, Shift-Dir - straight line, f/p - ogre
Aim: an ogre, wielding a giant club (heavily wounded, chance to defeat MR: 65%)
The ogre is blasted.
Evoking this partially-identified wand wasted a few charges.
The ogre hits you with a giant club!!
You die...

.......
..##.#.....######.......
#########.###.#######
#....... ......# #.###.##
#.#..######### #.# #.#
#............# #.# #.#
#...........# #.# #.#
#...........# #.#
##..........####.###.#
#.####....@O..........##.#
.......>.......)......##.#
#.######.........###.###.##
#..######.# #....... #..#
..# #####.## ....# #...
##.## ####.# ..... #....
... ....... #..## .# ....
+....


You could see an ogre.

Vanquished Creatures
  The ghost of Shiggs the Insei, a novice OpTm (D:4)
  A water moccasin (D:4)
  A big kobold (Sewer)
  A bullfrog (D:6)
  A howler monkey (D:4)
  A bullfrog zombie (D:6)
  3 hounds
  A jelly (D:5)
  2 orc wizards (D:3)
  Robin (D:2)
  11 adders
  A river rat (Sewer)
  An ooze (D:2)
  3 worms
  A dart slug (D:2)
  2 leopard geckos
  An orc (D:3)
  5 ball pythons
  7 bats
  A bat skeleton (D:2)
  2 giant cockroaches
  11 goblins
  11 hobgoblins
  A jackal (Sewer)
  2 quokkas
  A ball python skeleton (D:4)
  2 frilled lizards
  A jackal skeleton (D:4)
  10 kobolds
  11 rats
98 creatures vanquished.

Notes
Turn   | Place    | Note
-------+----------+-------------------------------------------
     0 | D:1      | tilp the Hill Orc Fire Elementalist began the quest for the Orb.
     0 | D:1      | Reached XP level 1. HP: 14/14 MP: 3/3
     1 | D:1      | Noticed an electric eel
   521 | D:1      | Reached XP level 2. HP: 18/20 MP: 1/4
  1756 | D:2      | Reached XP level 3. HP: 26/26 MP: 2/5
  1760 | D:2      | Learned a level 2 spell: Throw Flame
  1802 | D:2      | Noticed Robin
  2303 | D:2      | Reached XP level 4. HP: 31/33 MP: 2/7
  2311 | D:2      | Learned a level 3 spell: Conjure Flame
  2996 | D:2      | Found a runed door.
  3091 | D:2      | Killed Robin
  3370 | D:2      | Reached skill level 4 in Fire Magic
  3525 | D:2      | Reached XP level 5. HP: 33/38 MP: 0/8
  4224 | D:3      | Found a shimmering altar of Xom.
  4695 | D:3      | Reached XP level 6. HP: 45/45 MP: 6/10
  4847 | D:4      | Noticed Shiggs's ghost (novice OpTm)
  4867 | D:4      | Killed Shiggs's ghost
  4867 | D:4      | Reached skill level 5 in Fire Magic
  4867 | D:4      | Reached XP level 7. HP: 7/50 MP: 0/12
  4908 | D:4      | Learned a level 4 spell: Sticky Flame
  5364 | D:4      | Reached skill level 5 in Conjurations
  5525 | D:4      | Found a blossoming altar of Fedhas.
  5562 | D:4      | Found an ornate altar of the Wu Jian Council.
  5669 | D:5      | Entered Level 5 of the Dungeon
  5926 | D:5      | Found a glowing drain.
  5937 | Sewer    | Entered a sewer
  6041 | Sewer    | Reached skill level 6 in Fire Magic
  6223 | Sewer    | Found a white marble altar of Elyvilon.
  6278 | D:5      | Reached XP level 8. HP: 57/57 MP: 11/14
  6324 | D:5      | Learned a level 5 spell: Fireball
  6386 | D:5      | Noticed Edmund
  6409 | D:5      | Noticed Grinder
  6574 | D:6      | Got an ancient plate armour
  6601 | D:5      | Mangled by an ogre

Vault maps used:
D:1:      arrival_aquarium_a
D:2:      uniq_robin, uniq_crazy_yiuf_cottage
D:3:      old_standard_altar, first_bread
D:4:      marbit_many_paths, kennysheep_little_box, kennysheep_generic_room_7
D:5:      vehumet_altar_wand_db, portal_sewer_entry_b, uniq_edmund, uniq_grinder
D:6:      lemuel_round_altar, minmay_temple_entry_mist, uniq_menkaure,
          uniq_eustachio
Sewer:    sewer_kobolds

Skill      XL: |  1  2  3  4  5  6  7 |
---------------+----------------------+-----
Conjurations   | 2 3 4 5 |  5.6
Spellcasting   | 2 3 4 |  4.2
Fire Magic     | 4 5 6 |  6.2
Dodging        | |  1.5
Stealth        | |  1.5

Action                   |  1- 3 |  4- 6 |  7- 9 || total
-------------------------+-------+-------+-------++-------
Melee: Unarmed           |     9 |       |       ||     9
       Club              |    15 |    18 |       ||    33
       Dagger            |    32 |   127 |       ||   159
       Hand axe          |       |    11 |    45 ||    56
       Short sword       |       |     2 |       ||     2
Throw: Stone             |    14 |       |       ||    14
 Cast: Flame Tongue      |    48 |    76 |    46 ||   170
       Conjure Flame     |       |     2 |     3 ||     5
       Throw Flame       |       |     2 |     1 ||     3
Evoke: Wand              |       |     1 |     1 ||     2
  Use: Scroll            |     3 |     2 |     5 ||    10
       Potion            |       |     3 |       ||     3
 Stab: Sleeping          |       |     2 |       ||     2
       Distracted        |       |       |     1 ||     1
  Eat: Chunk             |     5 |    10 |     3 ||    18
       Royal jelly       |       |       |     1 ||     1
Armor: Robe              |    12 |    50 |    26 ||    88
       Skin              |       |    20 |       ||    20
       Leather armour    |       |       |     2 ||     2
Dodge: Dodged            |    48 |   120 |    46 ||   214

Table legend:
 A = Spawn XP
 B = Non-spawn XP
 C = Spawn XP percentage of total XP
 D = Spawn monster count
 E = Non-spawn monster count
 F = Spawn count percentage of total count
 G = Total turns spent on level
                    A         B        C        D         E        F      G
               +---------+---------+-------+---------+---------+-------+---------
         Total |       0 |    1373 |   0.0 |       0 |      98 |   0.0 |  6601
               +---------+---------+-------+---------+---------+-------+---------
           D:1 |       0 |      24 |   0.0 |       0 |      15 |   0.0 |  1668
           D:2 |       0 |     148 |   0.0 |       0 |      32 |   0.0 |  2332
           D:3 |       0 |     149 |   0.0 |       0 |      18 |   0.0 |   791
           D:4 |       0 |     678 |   0.0 |       0 |      11 |   0.0 |   993
           D:5 |       0 |     111 |   0.0 |       0 |      11 |   0.0 |   361
           D:6 |       0 |     139 |   0.0 |       0 |       2 |   0.0 |   122
         Sewer |       0 |     124 |   0.0 |       0 |       9 |   0.0 |   334
               +---------+---------+-------+---------+---------+-------+---------
